 Dungeon Crawl Stone Soup version 0.28-a0-1616-g050a50673c (webtiles) character file.

Game seed: 13782188895783806827

370 enile the Conjurer (level 6, -1/37 HPs)
             Began as a Tengu Wanderer on Jan 23, 2022.
             Shot with an arrow by a centaur (7 damage)
             ... on level 5 of the Dungeon.
             The game lasted 00:06:32 (3225 turns).

enile the Conjurer (Tengu Wanderer)                 Turns: 3225, Time: 00:06:32

Health: -1/37      AC:  6    Str:  9    XL:     6   Next: 70%
Magic:  8/8        EV: 13    Int: 13    God:
Gold:   292        SH:  0    Dex: 18    Spells: 3/7 levels left

rFire   . . .      SeeInvis .   s - +0 whip (elec)
rCold   . . .      Faith    .   (no shield)
rNeg    . . .      Spirit   .   j - +1 robe
rPois   +          Reflect  .   (helmet restricted)
rElec   .          Harm     .   e - +2 cloak
rCorr   .          Rampage  .   (no gloves)
Will    .....                   (boots unavailable)
Stlth   +.........              m - amulet of magic regeneration
HPRegen 0.12/turn               d - ring of poison resistance
MPRegen 0.51/turn               (no ring)

@: confused, ambrosia-drunk, flying quickly and evasively, quick
A: beak, talons 3, nimble flight
a: no special abilities


You were on level 5 of the Dungeon.
You visited 1 branch of the dungeon, and saw 5 of its levels.

You collected 292 gold pieces.

Inventory:

Hand Weapons
 a - a +0 vorpal hand crossbow
 l - a +2 dagger of speed
 o - a +1 dagger of electrocution
 s - a +0 whip of electrocution (weapon)
Missiles
 b - 70 bolts
Armour
 c - a +0 ring mail
 e - a +2 cloak (worn)
 j - a +1 robe (worn)
Jewellery
 d - a ring of poison resistance (left hand)
 m - an amulet of magic regeneration (around neck)
 v - an amulet of regeneration
Scrolls
 g - 4 scrolls of identify {unknown}
 h - 2 scrolls of teleportation
Potions
 i - a potion of might {unknown}
 k - a potion of magic {unknown}
 n - a potion of curing {unknown}
 r - a potion of attraction {unknown}
 u - a potion of mutation {unknown}


   Skills:
 - Level 3.0 Fighting
 - Level 1.0 Short Blades
 + Level 0.9 Maces & Flails
 - Level 4.4 Crossbows
 - Level 1.0 Throwing
 - Level 2.2 Armour
 - Level 1.0 Spellcasting
 - Level 6.0 Conjurations
 - Level 3.0 Fire Magic
 - Level 1.0 Evocations


You had 3 spell levels left.
You knew the following spells:

 Your Spells              Type           Power      Damage    Failure   Level
a - Foxfire               Conj/Fire      48%        2x1d6     4%          1
b - Stone Arrow           Conj/Erth      16%        3d8       24%         3

Your spell library contained the following spells:

 Spells                   Type           Power      Damage    Failure   Level


Dungeon Overview and Level Annotations

Branches:
Dungeon (5/15)
 Temple: D:4-7

Altars:

Shops:
D:1 (   D:3 :

Annotations:
D:5 Pikel


Innate Abilities, Weirdness & Mutations

You have a beak for a mouth.
You have claws for feet.
Your magical nature lets you fly swiftly and evasively.


Message History

Your peck misses the phantom.
The phantom is lightly damaged.
The phantom hits you!
The phantom blinks!
You blink. 2 gnolls come into view.
You're already flying!
As you read the scroll labelled CEFOBI FECEGU, it crumbles to dust.
The scroll dissolves into smoke.
It was a scroll of fog.
The phantom hits you.
The phantom blinks!
You blink.
As you read the scroll labelled DUN WA BACU, it crumbles to dust.
It is a scroll of enchant armour.
Your +0 robe glows green for a moment.
The phantom completely misses you.
As you read the scroll labelled ONAOSU CERO, it crumbles to dust.
You feel strangely unstable.
It was a scroll of teleportation.
The phantom hits you but does no damage.
An orc wizard comes into view. It is wielding a +0 dagger.
An orc warrior and an orc come into view.
Your surroundings suddenly seem different.
Pikel, 4 lemures and a centaur come into view.
Pikel is wielding a +2 whip of freezing and wearing a +0 robe of cold resistance.
Found 18 arrows.
The lemure shouts! x3; You hear a shout! x2
A hound comes into view.
The orc warrior moves out of view.
The orc moves out of view.
The centaur shouts!
You're already flying!
Blink to where?
Press: ? - help, Dir - move target
As you read the scroll labelled NUOPLO TOCSA, it crumbles to dust.
It was a scroll of blinking.
The centaur wields a +0 shortbow.
The centaur shoots an arrow.
The arrow misses you.
The centaur shoots an arrow.
The arrow hits you.
The centaur shoots an arrow.
The arrow hits you.
The centaur shoots an arrow.
The arrow misses you.
The centaur shoots an arrow.
The arrow hits you!
* * * LOW HITPOINT WARNING * * *
It was a potion of ambrosia.
You are confused.
You feel invigorated.
The centaur shoots an arrow.
The arrow hits you!
You die...

## .## ..
##.# #..
#.# ##@#
#..# #.##
##.# #.##
#.##
##c.#
##....#
#..c...##


You could see a centaur.

Vanquished Creatures
  A necrophage (D:4)
  An iguana (D:4)
  5 orc wizards
  3 adders
  2 worms (D:2)
  A dart slug (D:3)
  17 orcs
  7 bats
  7 endoplasms
  A giant cockroach (D:2)
  8 goblins
  6 hobgoblins
  2 jackals (D:3)
  7 kobolds
  3 quokkas
  6 ball pythons
  2 frilled lizards
  6 rats
85 creatures vanquished.

Vanquished Creatures (collateral kills)
  A foxfire (D:4)
1 creature vanquished.

Vanquished Creatures (others)
  118 foxfires
  2 fungi (D:4)
  4 toadstools (D:4)
124 creatures vanquished.

Grand Total: 210 creatures vanquished

Notes
Turn   | Place    | Note
-------+----------+-------------------------------------------
     0 | D:1      | enile the Tengu Wanderer began the quest for the Orb.
     0 | D:1      | enile set off with the following items: a +0 vorpal hand
                  | crossbow, 25 bolts, a +0 ring mail; and the following spell
                  | memorised: Foxfire; and the following spells available to
                  | memorise: Stone Arrow
     0 | D:1      | Reached XP level 1. HP: 10/10 MP: 3/3
   163 | D:1      | Reached skill level 1 in Fighting
   163 | D:1      | Reached XP level 2. HP: 16/16 MP: 4/4
   246 | D:1      | Found Raghaox's Weapon Shop.
   498 | D:1      | Reached skill level 2 in Conjurations
   498 | D:1      | Reached XP level 3. HP: 21/21 MP: 5/5
   518 | D:1      | Learned a level 3 spell: Stone Arrow
   669 | D:1      | Found a faded altar of an unknown god.
  1065 | D:2      | Reached skill level 3 in Conjurations
  1065 | D:2      | Reached XP level 4. HP: 18/26 MP: 0/6
  1190 | D:2      | Reached skill level 4 in Conjurations
  1765 | D:3      | Found Pasa's Book Shop.
  1814 | D:3      | Reached skill level 5 in Conjurations
  1814 | D:3      | Gained mutation: Your magical nature lets you fly swiftly
                  | and evasively. [Tengu growth]
  1814 | D:3      | Reached XP level 5. HP: 30/30 MP: 7/7
  1844 | D:3      | Reached skill level 1 in Fire Magic
  2300 | D:4      | Noticed a necrophage
  2364 | D:3      | Reached skill level 1 in Short Blades
  2540 | D:4      | Reached XP level 6. HP: 36/36 MP: 8/8
  2621 | D:4      | Killed a necrophage
  2883 | D:4      | Reached skill level 6 in Conjurations
  3139 | D:5      | Entered Level 5 of the Dungeon
  3217 | D:5      | Noticed an orc warrior
  3217 | D:5      | Noticed Pikel
  3224 | D:5      | HP: 1/37 [centaur/arrow (12)]
  3225 | D:5      | Shot with an arrow by a centaur

Illustrated notes

Levels and vault maps discovered:
D:1:      dpeg_arrival_radiant, layout_loops_ring, serial_shops,
          nicolae_shop_bloodbath_and_beyond, ebering_ecumenical_altar_webs,
          minmay_tetromino_l4
D:2:      layout_rooms
D:3:      layout_rooms, serial_shops, nicolae_shop_statue_plus
D:4:      layout_layer_cave, minmay_gold_behind_fungi
D:5:      layout_cave_pods, minmay_temple_entry_drinking_statues,
          enter_ossuary_4, uniq_prince_ribbit1, uniq_pikel, uniq_eustachio

Skill      XL: |  1  2  3  4  5  6 |
---------------+-------------------+-----
Fighting       | 1 2 3 |  3.0
Conjurations   | 2 3 5 6 |  6.0
Fire Magic     | 3 |  3.0
Short Blades   | 1 |  1.0
Maces & Flails | |  0.9
Crossbows      | |  4.4
Throwing       | |  1.0
Armour         | |  2.2
Spellcasting   | |  1.0
Evocations     | |  1.0

Action                   |  1- 3 |  4- 6 || total
-------------------------+-------+-------++-------
Melee: Kick              |     1 |     9 ||    10
       Hand crossbow     |     1 |       ||     1
       Dagger            |       |    22 ||    22
       Peck              |       |     7 ||     7
       Whip              |       |    19 ||    19
 Fire: Hand crossbow     |    62 |    47 ||   109
 Cast: Foxfire           |     2 |    70 ||    72
  Use: Scroll            |       |     4 ||     4
       Potion            |       |     1 ||     1
Armor: Ring mail         |    10 |     3 ||    13
       Robe              |       |    18 ||    18
Dodge: Dodged            |     7 |    47 ||    54

Table legend: (Time is in decaauts)
 A = Elapsed time spent in this place.
 B = Non-inter-level travel time spent in this place.
 C = Inter-level travel time spent in this place.
 D = Time resting spent in this place.
 E = Time spent auto-exploring this place.
 F = Levels seen in this place.
 G = Mean time per level.
                   A        B        C        D        E       F      G
               +--------+--------+--------+--------+--------+-----+--------+
         Total |   3187 |   3089 |     98 |    162 |   2154 |   5 |  637.4 |
       Dungeon |   3187 |   3089 |     98 |    162 |   2154 |   5 |  637.4 |
               +--------+--------+--------+--------+--------+-----+--------+

Top non-repeatable levels by time:
     D:1: 1054 daAuts
     D:3: 742 daAuts
     D:2: 685 daAuts
     D:4: 626 daAuts
     D:5: 78 daAuts
